 Dungeon Crawl Stone Soup version 0.31-a0-202-g547052bce9 (webtiles) character file.

Game seed: 1840479919592157719

1618 qw the Skirmisher (level 8, 0/46 HPs)
             Began as a Deep Elf Hunter on June 26, 2023.
             Killed from afar by a steam dragon (9 damage)
             ... with a ball of steam
             ... on level 6 of the Dungeon.
             The game lasted 00:01:32 (4422 turns).

qw the Skirmisher (Deep Elf Hunter)                 Turns: 4422, Time: 00:01:32

Health: 0/46       AC:  8    Str: 10    XL:     8   Next: 64%
Magic:  9/9        EV: 15    Int: 15    God:
Gold:   267        SH:  0    Dex: 22    Spells: 7/7 levels left

rFire   . . .        h - +2 hand crossbow (heavy)
rCold   . . .        (no shield)
rNeg    . . .        o - +0 scale mail {Will+}
rPois   .            g - +0 helmet
rElec   .            b - +0 cloak
rCorr   .            (no gloves)
SInv    .            (no boots)
Will    +....        i - amulet of faith
Stlth   +            f - +6 ring of dexterity
HPRegen 0.27/turn    q - +5 ring of evasion
MPRegen 0.11/turn

%: faith
@: no status effects
A: clumsy 1, low MP 1, wild magic 1
a: no special abilities


You were on level 6 of the Dungeon.
You visited 1 branch of the dungeon, and saw 6 of its levels.
You also visited: Sewer.

You collected 267 gold pieces.


Innate Abilities, Weirdness & Mutations

You are clumsy. (Dex -2)
Your magical capacity is low. (-10% MP)
Your spells are a little harder to cast, but a little more powerful.


   Skills:
 - Level 3.0 Fighting
 + Level 13.4 Ranged Weapons
 - Level 2.1 Armour
 - Level 4.2 Dodging
 - Level 1.2 Stealth


You had 7 spell levels left.
You didn't know any spells.
Your spell library was empty.

Inventory:

Hand Weapons
 h - a +2 heavy hand crossbow (weapon)
Armour
 b - a +0 cloak (worn)
 g - a +0 helmet (worn)
 k - a +0 ring mail
 o - a +0 scale mail of willpower (worn)
Jewellery
 f - a +6 ring of dexterity (left hand)
 i - an amulet of faith (around neck)
 q - a +5 ring of evasion (right hand)
Scrolls
 a - a scroll of identify
Potions
 c - a potion of invisibility {unknown}
 d - a potion of might
 e - a potion of resistance
 j - a potion of haste
 l - a potion of ambrosia {unknown}
 m - 2 potions of magic {unknown}
 n - a potion of brilliance {unknown}
 p - a potion of curing
 r - a potion of berserk rage {unknown}
 s - a potion of degeneration {unknown}

Dungeon Overview and Level Annotations

Branches:
Dungeon (6/15)              Sewer (visited)
 Temple: D:4-7

Altars:
Nemelex Xobeh
Zin

Annotations:
D:6 Maggie


Message History

You shoot a bolt. The hound barks!
The bolt hits the scorpion!!!
You kill the scorpion!
The water moccasin bites you. x2
You are poisoned.
The water moccasin poisons you!
Your Armour skill increases to level 2!
You shoot a bolt. The bolt hits the water moccasin!!
You kill the water moccasin!
You feel very sick. The hound barely misses you. The hound bites you.
You shoot a bolt. The bolt barely misses the hound.
You feel sick. The hound barely misses you. The hound bites you. x2
The iguana hisses menacingly.
You shoot a bolt. The bolt hits the hound.
The hound is moderately wounded.
You feel sick.
The hound barely misses you. x2; The hound misses you.
You shoot a bolt. The bolt closely misses the hound.
You feel sick.
You are no longer poisoned.
The hound barely misses you.
The hound bites you but does no damage. x3
You shoot a bolt. The bolt hits the hound!!!
You kill the hound!
The steam dragon bites you! The steam dragon misses you.
You shoot a bolt. The bolt hits the steam dragon!
The steam dragon is heavily wounded.
The steam dragon breathes steam at you. The ball of steam misses you.
The steam dragon barely misses you.
The steam dragon claws you but does no damage.
You hear a shout!
You shoot a bolt.
The bolt closely misses the steam dragon.
You are engulfed in a cloud of scalding steam.
The steam dragon bites you.
The steam dragon claws you but does no damage.
Maggie the Vainglorious comes into view.
She is wielding a +0 morningstar.
The steam dragon breathes steam at you. The ball of steam hits you!
You die...

... ?...l##.[..#.#
#.#######
#.hs+#+.!.)#.###..#.....
#####s##..## #......##.#
....#+###.# #.....###.#
...##.##.. #..<...##.#
...#.lY#.# #....(....#
...##Y##D# #...##.#..#
....###@.# #...##.#..#
.....¤¤¤.##########.#...
....$¤¤¤.)..# #.#.#.
@......###..## #.#.#.
....... ##..######...#.
?...... ##.......#....
......# ###..##......
.....# #####.......##
##### #...######..##


You could see Maggie, a steam dragon (catching breath), 2 ice beasts, 2
scorpions, 2 iguanas and a hound.

Vanquished Creatures
  Grinder (D:4)
  A wraith (D:5)
  A water moccasin (D:6)
  Duvessa (D:4)
  An ogre (D:6)
  2 bullfrogs (Sewer)
  2 scorpions
  Dowan (D:4)
  A jelly (D:6)
  2 howler monkeys
  5 hounds
  An orc priest (D:4)
  3 iguanas
  Ijyb (D:4)
  Robin (D:2)
  4 gnolls (D:4)
  12 adders
  A shadow imp (D:5)
  A white imp (D:5)
  An ufetubus (D:5)
  5 worms
  A dart slug (D:1)
  4 orcs
  3 bats
  5 endoplasms
  12 giant cockroaches
  14 goblins
  9 hobgoblins
  4 kobolds
  10 quokkas
  6 ball pythons
  7 frilled lizards (Sewer)
  5 rats
128 creatures vanquished.

Notes
Turn   | Place    | Note
-------+----------+-------------------------------------------
     0 | D:1      | qw the Deep Elf Hunter began the quest for the Orb.
     0 | D:1      | Reached XP level 1. HP: 12/12 MP: 3/3
     0 | D:1      | 0 ||| qw: Version: 0.3-a-22-g0ed2b0b
     0 | D:1      | 0 ||| qw: Game counter: 5943
     0 | D:1      | 0 ||| qw: Melee chars always use a shield: true
     0 | D:1      | 0 ||| qw: God list: Okawaru
     0 | D:1      | 0 ||| qw: Allow faded altars: false
     0 | D:1      | 0 ||| qw: Do Orc after clearing Dungeon:15 true
     0 | D:1      | 0 ||| qw: Do second Lair branch before Depths: true
     0 | D:1      | 0 ||| qw: Lair rune preference: random
     0 | D:1      | 0 ||| qw: Goals: Normal
     0 | D:1      | 0 ||| PLANNING D:1-11
    58 | D:1      | Reached XP level 2. HP: 16/16 MP: 4/4
   177 | D:1      | Reached skill level 6 in Ranged Weapons
   427 | D:1      | 427 ||| UPGRADING to amulet of faith.
   432 | D:1      | 432 ||| READING scroll labelled TOYDDOI GOZEQU.
   432 | D:1      | Identified a scroll of acquirement
   432 | D:1      | 432 ||| ACQUIRING +1 arbalest of draining
   432 | D:1      | Acquired a +1 arbalest of draining
   434 | D:1      | 434 ||| SWAPPING to +1 arbalest of draining.
   435 | D:1      | 435 ||| DROPPING +0 shortbow.
   436 | D:1      | 436 ||| READING scroll labelled FUSOPL TEIFOB.
   437 | D:1      | 437 ||| READING scroll labelled SILUVA WUIDWA.
   438 | D:1      | 438 ||| READING scroll labelled KANYSU CENAMORY.
   439 | D:1      | 439 ||| READING scroll labelled WOPEOSHACRI.
   440 | D:1      | 440 ||| DROPPING scroll of butterflies.
   543 | D:2      | Reached XP level 3. HP: 8/20 MP: 5/5
   565 | D:2      | 565 ||| FLEEEEING.
   566 | D:2      | 566 ||| FLEEEEING.
   568 | D:2      | 568 ||| FLEEEEING.
   569 | D:2      | 569 ||| FLEEEEING.
   570 | D:2      | 570 ||| FLEEEEING.
   571 | D:2      | 571 ||| FLEEEEING.
   572 | D:2      | 572 ||| FLEEEEING.
   573 | D:2      | 573 ||| FLEEEEING.
   574 | D:2      | 574 ||| FLEEEEING.
   575 | D:2      | 575 ||| FLEEEEING.
   576 | D:2      | 576 ||| FLEEEEING.
   577 | D:2      | 577 ||| FLEEEEING.
   578 | D:2      | 578 ||| FLEEEEING.
   579 | D:2      | 579 ||| FLEEEEING.
   580 | D:2      | 580 ||| FLEEEEING.
   581 | D:2      | 581 ||| FLEEEEING.
   582 | D:2      | 582 ||| FLEEEEING.
   583 | D:2      | 583 ||| FLEEEEING.
   584 | D:2      | 584 ||| FLEEEEING.
   585 | D:2      | 585 ||| FLEEEEING.
   586 | D:2      | 586 ||| FLEEEEING.
   588 | D:2      | 588 ||| STAIRDANCE
   949 | D:2      | Reached skill level 7 in Ranged Weapons
  1112 | D:2      | Reached XP level 4. HP: 8/25 MP: 6/6
  1122 | D:2      | Noticed Robin
  1124 | D:2      | Killed Robin
  1291 | D:2      | 1291 ||| UPGRADING to +0 helmet.
  1296 | D:2      | 1296 ||| UPGRADING to +6 ring of dexterity.
  1297 | D:2      | 1297 ||| READING 3 scrolls labelled NYDUEVETEN.
  1298 | D:2      | 1298 ||| READING scroll labelled DANAQEI OJUDUKH.
  1299 | D:2      | 1299 ||| READING 2 scrolls of identify.
  1299 | D:2      | 1299 ||| IDENTIFYING sedimented pink potion
  1301 | D:2      | 1301 ||| Stepping ~*~*~tactically~*~*~ (cloud).
  1426 | D:3      | Reached skill level 3 in Dodging
  1490 | D:3      | Reached skill level 8 in Ranged Weapons
  1490 | D:3      | Reached XP level 5. HP: 29/29 MP: 7/7
  1935 | D:3      | Found a faded altar of an unknown god.
  2081 | D:3      | 2081 ||| UPGRADING to +0 ring mail.
  2091 | D:3      | 2091 ||| DROPPING +0 leather armour.
  2092 | D:3      | 2092 ||| UPGRADING to +0 scale mail of willpower.
  2102 | D:3      | 2102 ||| READING scroll labelled UPNAHE QUCYA.
  2103 | D:3      | 2103 ||| READING scroll labelled TUBROYCLON.
  2106 | D:3      | 2106 ||| DRINKING 2 sedimented white potions.
  2107 | D:3      | 2107 ||| READING 2 scrolls of identify.
  2107 | D:3      | 2107 ||| IDENTIFYING bubbling black potion
  2145 | D:4      | Noticed Ijyb
  2157 | D:4      | Killed Ijyb
  2157 | D:4      | Noticed Duvessa
  2158 | D:4      | Reached skill level 9 in Ranged Weapons
  2159 | D:4      | Reached skill level 1 in Armour
  2159 | D:4      | 2159 ||| FLEEEEING.
  2160 | D:4      | 2160 ||| FLEEEEING.
  2161 | D:4      | 2161 ||| FLEEEEING.
  2162 | D:4      | 2162 ||| FLEEEEING.
  2164 | D:4      | Killed Duvessa
  2165 | D:4      | Reached XP level 6. HP: 15/36 MP: 8/8
  2175 | D:4      | Noticed Grinder
  2178 | D:4      | Killed Grinder
  2179 | D:4      | Reached skill level 10 in Ranged Weapons
  2179 | D:4      | Reached XP level 7. HP: 21/40 MP: 9/9
  2254 | D:4      | Noticed Dowan
  2255 | D:4      | Killed Dowan
  2328 | D:4      | 2328 ||| Stepping ~*~*~tactically~*~*~ (outnumbered).
  2330 | D:4      | 2330 ||| Stepping ~*~*~tactically~*~*~ (outnumbered).
  2332 | D:4      | 2332 ||| Stepping ~*~*~tactically~*~*~ (outnumbered).
  2423 | D:4      | Reached skill level 11 in Ranged Weapons
  2662 | D:4      | Found a glowing silver altar of Zin.
  2854 | D:4      | 2854 ||| UPGRADING to +0 cloak.
  2859 | D:4      | 2859 ||| DROPPING ring of ice.
  2860 | D:4      | 2860 ||| UPGRADING to +5 ring of evasion.
  2861 | D:4      | 2861 ||| READING scroll labelled FEJULO MUCS.
  2862 | D:4      | 2862 ||| DRINKING 2 grey potions.
  2862 | D:4      | Gained mutation: You are vulnerable to cold. (rC-) [potion
                  | of mutation]
  2863 | D:4      | 2863 ||| DRINKING potion of mutation.
  2863 | D:4      | Lost mutation: You are vulnerable to cold. (rC-) [potion of
                  | mutation]
  2863 | D:4      | Gained mutation: Your magical capacity is low. (-10% MP)
                  | [potion of mutation]
  2863 | D:4      | Gained mutation: You are clumsy. (Dex -2) [potion of
                  | mutation]
  2863 | D:4      | Gained mutation: Your spells are a little harder to cast,
                  | but a little more powerful. [potion of mutation]
  2881 | D:5      | Entered Level 5 of the Dungeon
  2882 | D:5      | 2882 ||| PLANNING SEWER
  2923 | D:5      | Found a sparkling altar of Nemelex Xobeh.
  3243 | D:5      | Noticed a wraith
  3249 | D:5      | Killed a wraith
  3250 | D:5      | Reached skill level 12 in Ranged Weapons
  3299 | D:5      | Reached XP level 8. HP: 45/45 MP: 9/9
  3517 | D:5      | Found a glowing drain.
  3519 | D:5      | Reached skill level 3 in Fighting
  3552 | D:5      | 3552 ||| DROPPING scarf of shadows.
  3553 | D:5      | 3553 ||| DRINKING 2 cyan potions.
  3559 | Sewer    | Entered a sewer
  3578 | Sewer    | 3578 ||| Stepping ~*~*~tactically~*~*~ (water).
  3632 | Sewer    | 3632 ||| Stepping ~*~*~tactically~*~*~ (water).
  3643 | Sewer    | 3643 ||| Stepping ~*~*~tactically~*~*~ (water).
  3663 | Sewer    | 3663 ||| Stepping ~*~*~tactically~*~*~ (water).
  3710 | Sewer    | 3710 ||| Stepping ~*~*~tactically~*~*~ (water).
  3775 | Sewer    | 3775 ||| READING scroll of acquirement.
  3775 | Sewer    | 3775 ||| ACQUIRING +2 heavy hand crossbow
  3775 | Sewer    | Acquired a +2 heavy hand crossbow
  3777 | Sewer    | 3777 ||| SWAPPING to +2 heavy hand crossbow.
  3778 | Sewer    | 3778 ||| DROPPING +2 arbalest of draining.
  3973 | Sewer    | 3973 ||| DROPPING ring of willpower.
  3993 | D:5      | 3993 ||| PLANNING D:1-11
  4269 | D:6      | Reached skill level 13 in Ranged Weapons
  4420 | D:6      | HP: 11/46 [steam dragon (8)]
  4422 | D:6      | Noticed Maggie
  4422 | D:6      | Killed from afar by a steam dragon

Levels and vault maps discovered:
D:1:      ncdulo_watergridlock, layout_rooms, minivault_5
D:2:      layout_basic, uniq_robin
D:3:      layout_loops_ring, dreamdust_ecumenical_altar_angels_and_demons,
          minmay_misc_feat_more_columns, grunt_ministairs_13
D:4:      layout_basic, zin_statuary, uniq_grinder, uniq_ijyb, uniq_duvessa
D:5:      layout_cave_pods, lemuel_coloured_pillars_altar,
          gup_sewer_entry_bubbles
D:6:      layout_rooms, marbit_many_paths, minmay_joined_circles, uniq_maggie

Skill      XL: |  1  2  3  4  5  6  7  8 |
---------------+-------------------------+-----
Ranged Weapons | 6 7 8 9 10 12 13 | 13.4
Dodging        | 3 4 |  4.2
Armour         | 1 2 |  2.1
Fighting       | 2 3 |  3.0
Stealth        | |  1.2

Action                     |  1- 3 |  4- 6 |  7- 9 || total
---------------------------+-------+-------+-------++-------
   Fire: Shortbow          |    22 |       |       ||    22
         Arbalest          |    47 |    52 |   109 ||   208
         Hand crossbow     |       |       |    16 ||    16
    Use: Scroll            |     5 |     6 |     2 ||    13
         Potion            |       |     1 |     3 ||     4
 Armour: Leather armour    |     4 |     2 |       ||     6
         Scale mail        |       |    11 |    22 ||    33
  Dodge: Dodged            |    22 |    11 |    49 ||    82

Table legend:
 A = Non-vault XP
 B = Vault XP
 C = Vault XP percentage of total XP
 D = Non-vault monster count
 E = Vault monster count
 F = Vault count percentage of total count
                 A         B        C        D         E       F
            +---------+---------+-------+---------+---------+-------
      Total |    1207 |    1105 |  47.8 |      74 |      54 |  42.2
            +---------+---------+-------+---------+---------+-------
        D:1 |      15 |       0 |   0.0 |       7 |       0 |   0.0
        D:2 |      67 |      35 |  34.3 |      20 |      11 |  35.5
        D:3 |     101 |      17 |  14.4 |      17 |       2 |  10.5
        D:4 |     388 |     524 |  57.5 |      19 |       4 |  17.4
        D:5 |     328 |      22 |   6.3 |       7 |       4 |  36.4
        D:6 |     308 |     242 |  44.0 |       4 |       3 |  42.9
      Sewer |       0 |     265 | 100.0 |       0 |      30 | 100.0
            +---------+---------+-------+---------+---------+-------
